 Dungeon Sprint DCSS version 0.23-s1-141-gbd386fc7bd (console) character file.

41577 hilarita the Ecstatic (level 14, -3/110 HPs)
             Began as a Formicid Fighter on Sept 24, 2021.
             Was an Elder of Uskayaw.
             Slain by a death yak (28 damage)
             ... summoned by a spriggan berserker
             ... in the Dungeon (Sprint V: "Ziggurat Sprint").
             The game lasted 00:11:52 (2099 turns).

hilarita the Ecstatic (Formicid Fighter)            Turns: 2099, Time: 00:11:52

Health: -3/110     AC: 24    Str: 30    XL:     14   Next: 50%
Magic:  30/30      EV:  1    Int:  7    God:    Uskayaw [****..]
Gold:   0          SH: 32    Dex: 10    Spells: 13/13 levels left

rFire    + + +     SeeInvis +   B - +7 great mace {inner flame, rF++}
rCold    + . .     Gourm    .   A - +18 shield of the Gong {rElec rN+ MR+ EV-5}
rNeg     + + .     Faith    .   l - +5 gold dragon scales
rPois    +         Spirit   .   (helmet unavailable)
rElec    +         Warding  .   c - +2 cloak {rPois}
rCorr    .         Reflect  .   N - +1 pair of gloves {Str+3}
MR       ++...     Harm     .   (no boots)
Stlth    ..........             (no amulet)
HPRegen  0.28/turn              L - ring of Beubi {-Tele rPois rN+ Slay+6}
MPRegen  0.22/turn              a - +5 ring of slaying

@: grasped by roots, corroded, constricted
A: permanent stasis, dig shafts and tunnels, four strong arms, antennae 3
a: Dig, Stomp, Line Pass, Renounce Religion


You were in the Dungeon.
You worshipped Uskayaw.
Uskayaw was extremely pleased with you.
You were not hungry.

You visited 1 branch

Inventory:

Hand Weapons
 B - the +7 great mace "Firestarter" (weapon) {inner flame, rF++}
   (You found it in the Dungeon)

   It has been specially enchanted to burn those struck by it, causing extra
   injury to most foes and up to half again as much damage against particularly
   susceptible opponents.
   It greatly protects you from fire.
Armour
 c - a +2 cloak of poison resistance (worn)
 l - +5 gold dragon scales (worn)
 A - the +18 shield of the Gong (worn) {rElec rN+ MR+ EV-5}
   (You found it in the Dungeon)

   It affects your evasion (-5).
   It insulates you from electricity.
   It protects you from negative energy.
   It affects your resistance to hostile enchantments.
 N - a +1 pair of gloves of strength (worn)
Jewellery
 a - a +5 ring of slaying (right hand)
 b - the ring "Ogadul" {Fire rElec rN+ Int+2}
   (You took it off a merfolk in the Dungeon)

   [ring of fire]

   It enhances your fire magic.
   It affects your intelligence (+2).
   It protects you from fire.
   It makes you vulnerable to cold.
   It insulates you from electricity.
   It protects you from negative energy.
 y - a +6 ring of dexterity
 C - a +6 ring of intelligence
 D - a +6 ring of strength
 E - a +6 ring of strength
 F - the ring of Dithmenos's Regard {rF+ rC+ Str+4 Int+5}
   (You found it in the Dungeon)

   [ring of intelligence]

   It affects your strength (+4).
   It affects your intelligence (+5).
   It protects you from fire.
   It protects you from cold.
 G - the ring "Imudwar" {rPois SInv}
   (You found it in the Dungeon)

   [ring of see invisible]

   It protects you from poison.
   It lets you see invisible.
 J - the ring "Vifi" {*Contam Int+5 SInv}
   (You found it in the Dungeon)

   [ring of see invisible]

   It affects your intelligence (+5).
   It lets you see invisible.
   It causes magical contamination when unequipped.
 K - a +4 ring of dexterity
 L - the ring of Beubi (left hand) {-Tele rPois rN+ Slay+6}
   (You found it in the Dungeon)

   [ring of poison resistance]

   It affects your accuracy and damage with ranged weapons and melee attacks
   (+6).
   It protects you from poison.
   It protects you from negative energy.
   It prevents most forms of teleportation.
Wands
 h - a wand of mindburst (7 charges)
 j - a wand of iceblast (7 charges)
 k - a wand of acid (7 charges)
Scrolls
 r - 4 scrolls of amnesia
 s - 7 scrolls of fog
 t - a scroll of holy word
 u - 5 scrolls of identify
 v - 5 scrolls of remove curse
 w - 2 scrolls of fear
Potions
 d - 7 potions of might
 e - 9 potions of curing
 g - 7 potions of heal wounds
 i - 7 potions of magic
 m - 2 potions of brilliance
 n - 2 potions of invisibility
 o - 4 potions of resistance
 q - 5 potions of agility
Miscellaneous
 p - a phantom mirror
 H - 2 sacks of spiders
 I - a box of beasts
Comestibles
 f - 5 bread rations
 x - 41 fruits
 z - 5 meat rations


   Skills:
 - Level 10.0 Fighting
 - Level 20.0 Maces & Flails
 - Level 10.0 Armour
 - Level 10.1 Dodging
 - Level 15.0 Shields
 * Level 25.9 Invocations
 - Level 10.0 Evocations


You had 13 spell levels left.
You didn't know any spells.
Your spell library contained the following spells:

 Spells                   Type           Power        Failure   Level  Hunger
 Animate Skeleton         Necr           N/A          100%        1    ##.....
 Beastly Appendage        Tmut           0/50         100%        1    ##.....
 Flame Tongue             Conj/Fire      0/40         100%        1    ##.....
 Magic Dart               Conj           0/25         100%        1    ##.....
 Pain                     Necr           0/25         100%        1    ##.....
 Sandblast                Erth           0/50         100%        1    ##.....
 Sting                    Conj/Pois      0/25         100%        1    ##.....
 Summon Butterflies       Summ           0/100        100%        1    ##.....
 Call Imp                 Summ           0/100        100%        2    ###....
 Corpse Rot               Necr           N/A          100%        2    ###....
 Ensorcelled Hibernation  Hex/Ice        0/50         100%        2    ###....
 Passwall                 Tmut/Erth      0/120        100%        2    ###....
 Poisonous Vapours        Pois/Air       0/50         100%        2    ###....
 Slow                     Hex            0/100        100%        2    ###....
 Sticks to Snakes         Tmut           0/100        100%        2    ###....
 Sublimation of Blood     Necr           0/200        100%        2    ###....
 Throw Flame              Conj/Fire      0/50         100%        2    ###....
 Conjure Flame            Conj/Fire      0/100        100%        3    ####...
 Mephitic Cloud           Conj/Pois/Air  0/100        100%        3    ####...
 Ozocubu's Armour         Chrm/Ice       0/100        100%        3    ####...
 Recall                   Summ/Tloc      N/A          100%        3    ####...
 Spider Form              Tmut/Pois      0/200        100%        3    ####...
 Static Discharge         Conj/Air       0/100        100%        3    ####...
 Stone Arrow              Conj/Erth      0/50         100%        3    ####...
 Vampiric Draining        Necr           0/200        100%        3    ####...
 Animate Dead             Necr           N/A          100%        4    #####..
 Cause Fear               Hex            0/200        100%        4    #####..
 Force Lance              Conj/Tloc      0/100        100%        4    #####..
 Ice Form                 Ice/Tmut       0/100        100%        4    #####..
 Leda's Liquefaction      Hex/Erth       0/200        100%        4    #####..
 Passage of Golubria      Tloc           N/A          100%        4    #####..
 Petrify                  Tmut/Erth      0/100        100%        4    #####..
 Regeneration             Chrm/Necr      0/200        100%        4    #####..
 Sticky Flame             Conj/Fire      0/100        100%        4    #####..
 Summon Ice Beast         Ice/Summ       0/100        100%        4    #####..
 Throw Icicle             Conj/Ice       0/100        100%        4    #####..
 Agony                    Necr           0/100        100%        5    ######.
 Aura of Abjuration       Summ           0/200        100%        5    ######.
 Blade Hands              Tmut           0/200        100%        5    ######.
 Bolt of Draining         Conj/Necr      0/200        100%        5    ######.
 Bolt of Magma            Conj/Fire/Erth 0/200        100%        5    ######.
 Borgnjor's Vile Clutch   Necr/Erth      0/200        100%        5    ######.
 Lee's Rapid Deconstruct  Erth           0/200        100%        5    ######.
 Lightning Bolt           Conj/Air       0/200        100%        5    ######.
 Silence                  Hex/Air        0/200        100%        5    ######.
 Summon Demon             Summ           0/200        100%        5    ######.
 Summon Forest            Summ/Tloc      0/200        100%        5    ######.
 Summon Mana Viper        Hex/Summ       0/100        100%        5    ######.
 Yara's Violent Unravell  Hex/Tmut       0/200        100%        5    ######.
 Bolt of Cold             Conj/Ice       0/200        100%        6    #######
 Darkness                 Hex            0/200        100%        6    #######
 Death Channel            Necr           0/200        100%        6    #######
 Deflect Missiles         Chrm/Air       0/200        100%        6    #######
 Dispersal                Tloc           0/200        100%        6    #######
 Freezing Cloud           Conj/Ice/Air   0/200        100%        6    #######
 Invisibility             Hex            0/100        100%        6    #######
 Iron Shot                Conj/Erth      0/200        100%        6    #######
 Shadow Creatures         Summ           N/A          100%        6    #######
 Simulacrum               Ice/Necr       0/200        100%        6    #######
 Statue Form              Tmut/Erth      0/150        100%        6    #######
 Ring of Flames           Chrm/Fire      0/200        100%        7    #######
 Discord                  Hex            0/200        100%        8    #######
 Ignition                 Fire           0/200        100%        8    #######
 Shatter                  Erth           0/200        100%        9    #######
 Tornado                  Air            0/200        100%        9    #######
 Blink                    Tloc           Unusable     N/A         2    N/A
 Swiftness                Chrm/Air       Unusable     N/A         2    N/A
 Controlled Blink         Tloc           Unusable     N/A         7    N/A

Dungeon Overview and Level Annotations

Branches:
Dungeon (1/1)

Altars:
Ashenzari
Cheibriados
Dithmenos
Elyvilon
Fedhas
Gozag
Hepliaklqana
Kikubaaqudgha
Makhleb
Nemelex Xobeh
Okawaru
Qazlal
Ru
Sif Muna
Trog
Uskayaw
Vehumet
Wu Jian
Xom
Yredelemnul
Zin
The Shining One
Beogh
Jiyva
Lugonu

Annotations:
D 1 transporter, exclusion: oklob plant


Innate Abilities, Weirdness & Mutations

You cannot be hasted, slowed, berserked, paralysed or teleported.
You can dig through walls and to a lower floor.
Your four strong arms can wield any weapon, usually with a shield.
You have a pair of large antennae on your head. (SInv)


Message History

The grasping roots constrict you! You block the spriggan rider's attack.
BONNNG!
You barely miss the apis.
The apis is heavily wounded.
The dryad is no longer paralysed.
The spriggan air mage is no longer paralysed.
The dryad is no longer paralysed.
The butterfly is no longer paralysed.
The spriggan rider is no longer paralysed.
The oklob plant is no longer paralysed.
You block the death yak's attack.
BONNNG!
You block the spriggan rider's attack.
GONNNNG!
The apis is engulfed in blazing flames.
You block the apis's attack.
GONNNNG!
The spriggan berserker hits you but does no damage.
You bludgeon the apis!! You burn the apis.
The apis is filled with an inner flame.
The apis is severely wounded.
The death yak gores you!!
You die...

▓.%...........▓▓▓▓▓▓▓▓▓▓
▓.%....©..%...▓....8©8..
▓▓▓▓▓▓▓▓▓▓▓▓▓▓▓..[.).}["
▓.....8©8.....▓...))[).)
▓..}}[}|[).[..▓..%......
▓..}[)P[:)|:..▓.........
▓.............▓.........
▓.............▓....††.÷.
▓....i§§f.....▓..▓.....▓
▓....i§§Yi....▓.▓.▓...▓.
▓....R§@§R....▓..▓.....▓
▓.....iYh.....▓.....©...
▓.............▓▓▓▓▓▓▓▓▓▓
▓.............▓....8©8..
▓.............▓...)=).}=
▓.....%b......▓....)[|}.
▓▓▓▓▓▓▓▓▓▓▓▓▓▓▓.........
▓.........


{{{{{{{{{{{ ▓......... {{{{{{{{{ ▓......... ▓..▓.....▓ You could see an apis
(inner flame), a shambling mangrove, a death yak (berserk), 2 spriggan riders,
an oklob plant, a spriggan berserker, 2 dryads, a spriggan air mage and a polar
bear (berserk).

Vanquished Creatures
  2 deep elf blademasters (D)
  A thorn hunter (D)
  A deep elf sorcerer (D)
  2 ghouls (D)
  2 spriggan defenders (D)
  A deep elf annihilator (D)
  A dire elephant (D)
  3 merfolk javelineers (D)
  A merfolk impaler (D)
  A deep elf high priest (D)
  A hydra (D)
  3 spriggan air magi (D)
  A naga warrior (D)
  A merfolk aquamancer (D)
  2 anacondas (D)
  A dancing weapon (D)
  A satyr (D)
  3 spriggan berserkers (D)
  2 deep elf knights (D)
  5 soul eaters (D)
  3 spriggan druids (D)
  A deep elf archer (D)
  A harpy (D)
  4 deep elf magi (D)
  A merfolk siren (D)
  2 guardian serpents (D)
  2 black mambas (D)
  A naga mage (D)
  2 spiny frogs (D)
  4 rime drakes (D)
  A dryad (D)
  2 komodo dragons (D)
  A guardian mummy (D)
  7 merfolk (D)
  A wind drake (D)
  A hornet (D)
  A blink frog (D)
  A redback (D)
  A spriggan (D)
  An air elemental (D)
  3 yaks (D)
  3 wyverns (D)
  A steam dragon (D)
  A fire elemental (D)
  7 nagas (D)
  2 water moccasins (D)
  3 porcupines (D)
  An orc warrior (D)
  A phantom (D)
  2 crocodiles (D)
  3 bullfrogs (D)
  2 wights (D)
  3 orc priests (D)
  3 orc wizards (D)
  An iguana (D)
  3 mummies (D)
  3 river rats (D)
  2 adders (D)
  An adder zombie (D)
  2 adder skeletons (D)
  The ghost of testrobin the Skirmisher, a weakling HOFi (D)
  An orc (D)
  2 bat skeletons (D)
  2 bat zombies (D)
  A jackal (D)
  5 ball pythons (D)
  A jackal skeleton (D)
  A spectral giant cockroach (D)
  A weasel skeleton (D)
  2 butterflies (D)
137 creatures vanquished.

Vanquished Creatures (others)
  A ball python (D)
  A briar patch (D)
2 creatures vanquished.

Grand Total: 139 creatures vanquished

Notes
Turn   | Place    | Note
-------+----------+-------------------------------------------
     0 | D        | hilarita the Formicid Fighter began the quest for the Orb.
     0 | D        | Reached XP level 1. HP: 18/18 MP: 1/1
     0 | D        | Found a deep blue altar of Sif Muna.
     0 | D        | Found a bloodstained altar of Trog.
     0 | D        | Found a sacrificial altar of Ru.
     0 | D        | Found a stormy altar of Qazlal.
     0 | D        | Found an iron altar of Okawaru.
     7 | D        | Became a worshipper of Uskayaw the Reveler
    21 | D        | Found a sparkling altar of Nemelex Xobeh.
    21 | D        | Found a blossoming altar of Fedhas.
    22 | D        | Found the +6 Majin-Bo {vamp, Archmagi MP+6 Int+6}
    22 | D        | Found the +7 great mace "Firestarter" {inner flame, rF++}
    23 | D        | Found a transporter.
    23 | D        | Found an ancient bone altar of Kikubaaqudgha.
    23 | D        | Found a viscous altar of Jiyva.
    23 | D        | Found a corrupted altar of Lugonu.
    23 | D        | Found a hazy altar of Hepliaklqana.
    23 | D        | Found a burning altar of Makhleb.
    23 | D        | Found an opulent altar of Gozag.
    47 | D        | Found the +9 heavy crossbow "Sniper" {velocity, Acc+∞ SInv}
    47 | D        | Found the +10 dark maul {crush}
    47 | D        | Found the +15 Maxwell's patent armour {-Cast -Tele rElec
                  | MR+ rCorr}
    47 | D        | Found the +18 shield of the Gong {rElec rN+ MR+ EV-5}
    47 | D        | Found the cursed +14 obsidian axe {chop, +Fly SInv *Curse}
    49 | D        | Found the +6 shillelagh "Devastator" {shatter}
    49 | D        | Found the +11 plutonium sword {*Contam Stlth-}
    49 | D        | Found the +8 lance "Wyrmbane" {slay drac, rPois rF+ rC+
                  | AC+3}
    49 | D        | Found the +9 sword of Zonguldrok {reap}
    49 | D        | Found the cursed +13 scythe of Curses {drain, *Curse}
    49 | D        | Found the +0 sword of Power
    49 | D        | Found the +6 mace of Variability {chain chaos}
    49 | D        | Found the +7 Singing Sword {slice, sonic wave}
    49 | D        | Found the +7 longbow "Piercer" {penet, EV-2}
    84 | D        | Entered arena 2.
    84 | D        | Found a transporter.
    86 | D        | Reached skill level 1 in Invocations
    87 | D        | Reached * piety under Uskayaw
    98 | D        | Entered arena 3.
    98 | D        | Found a transporter.
   101 | D        | Reached skill level 2 in Invocations
   101 | D        | Reached ** piety under Uskayaw
   102 | D        | Reached XP level 2. HP: 24/24 MP: 3/3
   106 | D        | Reached skill level 5 in Maces & Flails
   106 | D        | Reached XP level 3. HP: 29/29 MP: 4/4
   113 | D        | Entered arena 4.
   113 | D        | Noticed a guardian mummy
   113 | D        | Found a transporter.
   117 | D        | Killed a guardian mummy
   117 | D        | Reached skill level 5 in Fighting
   117 | D        | Reached skill level 6 in Invocations
   117 | D        | Reached XP level 4. HP: 39/39 MP: 4/8
   117 | D        | Reached XP level 5. HP: 44/44 MP: 4/9
   117 | D        | Reached XP level 6. HP: 51/51 MP: 4/10
   120 | D        | Reached *** piety under Uskayaw
   173 | D        | Entered arena 5.
   173 | D        | Noticed a merfolk
   173 | D        | Noticed a merfolk
   173 | D        | Noticed a merfolk
   173 | D        | Noticed a merfolk
   173 | D        | Found a transporter.
   177 | D        | Killed a merfolk
   177 | D        | Reached skill level 8 in Invocations
   177 | D        | Reached XP level 7. HP: 42/58 MP: 11/13
   178 | D        | Killed a merfolk
   178 | D        | Reached skill level 9 in Invocations
   178 | D        | Reached **** piety under Uskayaw
   179 | D        | Killed a merfolk
   179 | D        | Reached XP level 8. HP: 41/67 MP: 11/15
   182 | D        | Killed a merfolk
   182 | D        | Reached skill level 10 in Armour
   182 | D        | Reached skill level 10 in Invocations
   303 | D        | Entered arena 6.
   303 | D        | Found a transporter.
   306 | D        | Reached skill level 10 in Maces & Flails
   306 | D        | Reached skill level 10 in Shields
   326 | D        | Entered arena 7.
   326 | D        | Noticed a komodo dragon
   326 | D        | Noticed a komodo dragon
   327 | D        | Found a transporter.
   329 | D        | Reached XP level 9. HP: 74/74 MP: 17/17
   333 | D        | Killed a komodo dragon
   333 | D        | Killed a komodo dragon
   333 | D        | Reached skill level 11 in Invocations
   333 | D        | Reached skill level 12 in Invocations
   345 | D        | Got the Catalogue of Poison and Flames
   422 | D        | Entered arena 8.
   423 | D        | Found a transporter.
   442 | D        | Reached skill level 1 in Dodging
   458 | D        | Entered arena 9.
   458 | D        | Noticed a rime drake
   458 | D        | Noticed a rime drake
   458 | D        | Noticed a rime drake
   459 | D        | Found a transporter.
   462 | D        | Killed a rime drake
   462 | D        | Reached XP level 10. HP: 61/83 MP: 19/19
   462 | D        | Reached skill level 13 in Invocations
   466 | D        | Killed a rime drake
   466 | D        | Killed a rime drake
   617 | D        | Entered arena 10.
   617 | D        | Noticed testrobin's ghost (weakling HOFi)
   618 | D        | Found a transporter.
   624 | D        | Final defeat of testrobin's ghost.
   632 | D        | Got the ring "Imudwar" {rPois SInv}
   644 | D        | Entered arena 11.
   644 | D        | Noticed a naga mage
   645 | D        | Found a transporter.
   651 | D        | Reached skill level 10 in Fighting
   651 | D        | Reached skill level 1 in Evocations
   654 | D        | Killed a naga mage
   654 | D        | Reached skill level 14 in Invocations
   655 | D        | Reached ***** piety under Uskayaw
   668 | D        | Got the ring "Vifi" {*Contam Int+5 SInv}
   673 | D        | Entered arena 12.
   673 | D        | Noticed a black mamba
   674 | D        | Noticed a guardian serpent
   674 | D        | Noticed a naga warrior
   674 | D        | Noticed a guardian serpent
   675 | D        | Found a transporter.
   680 | D        | Killed a guardian serpent
   680 | D        | Killed a guardian serpent
   680 | D        | Reached XP level 11. HP: 63/90 MP: 21/21
   681 | D        | Reached skill level 5 in Dodging
   684 | D        | Killed a naga warrior
   684 | D        | Reached skill level 15 in Maces & Flails
   684 | D        | Reached skill level 15 in Invocations
   727 | D        | Got the Incunabulum of Creative Earth
   901 | D        | Entered arena 13.
   901 | D        | Noticed a merfolk javelineer
   901 | D        | Noticed a merfolk siren
   901 | D        | Noticed a merfolk javelineer
   901 | D        | Noticed a merfolk impaler
   901 | D        | Noticed a harpy
   902 | D        | Noticed a merfolk javelineer
   902 | D        | Noticed a merfolk aquamancer
   903 | D        | Found a transporter.
   909 | D        | Killed a merfolk javelineer
   909 | D        | Reached skill level 5 in Evocations
   910 | D        | Killed a merfolk impaler
   911 | D        | Killed a merfolk aquamancer
   911 | D        | Reached skill level 16 in Invocations
   911 | D        | Killed a merfolk javelineer
   911 | D        | Killed a merfolk javelineer
   911 | D        | Killed a merfolk siren
   911 | D        | Reached XP level 12. HP: 60/97 MP: 22/24
  1048 | D        | Got the ring "Ogadul" {Fire rElec rN+ Int+2}
  1062 | D        | Got the Incunabulum of Cold and Orientation
  1070 | D        | Entered arena 14.
  1071 | D        | Noticed a soul eater
  1071 | D        | Noticed a soul eater
  1071 | D        | Noticed a ghoul
  1072 | D        | Noticed a ghoul
  1072 | D        | Noticed a soul eater
  1072 | D        | Noticed a soul eater
  1072 | D        | Noticed a soul eater
  1074 | D        | Found a transporter.
  1078 | D        | Killed a ghoul
  1078 | D        | Reached skill level 17 in Invocations
  1079 | D        | Killed a soul eater
  1085 | D        | Killed a ghoul
  1087 | D        | Killed a soul eater
  1087 | D        | Killed a soul eater
  1087 | D        | Killed a soul eater
  1087 | D        | Reached skill level 18 in Invocations
  1087 | D        | Reached ****** piety under Uskayaw
  1090 | D        | Killed a soul eater
  1103 | D        | Got the ring of Beubi {-Tele rPois rN+ Slay+6}
  1310 | D        | Entered arena 15.
  1311 | D        | Noticed a six-headed hydra
  1313 | D        | Found a transporter.
  1319 | D        | Killed a six-headed hydra
  1319 | D        | Reached skill level 15 in Shields
  1321 | D        | Reached XP level 13. HP: 61/103 MP: 26/26
  1337 | D        | Got the Handbook of Harmful Boosts
  1345 | D        | Got the ring of Dithmenos's Regard {rF+ rC+ Str+4 Int+5}
  1348 | D        | Got the Compendium of Evil Rites
  1476 | D        | Entered arena 16.
  1477 | D        | Noticed a spriggan air mage
  1477 | D        | Noticed a spriggan defender
  1477 | D        | Noticed an anaconda
  1478 | D        | Noticed a spriggan defender
  1478 | D        | Noticed a spriggan air mage
  1478 | D        | Noticed a thorn hunter
  1479 | D        | Found a transporter.
  1485 | D        | Killed an anaconda
  1485 | D        | Reached skill level 10 in Evocations
  1485 | D        | Reached skill level 19 in Invocations
  1486 | D        | Killed a spriggan air mage
  1489 | D        | Killed a spriggan defender
  1489 | D        | Killed a spriggan defender
  1489 | D        | Reached skill level 10 in Dodging
  1490 | D        | Killed a spriggan air mage
  1490 | D        | Reached skill level 20 in Invocations
  1490 | D        | Killed a thorn hunter
  1522 | D        | Got the ring "Heolen" {Ice rElec rN+ Str-4 Int+5}
  1781 | D        | Entered arena 17.
  1781 | D        | Noticed a dire elephant
  1785 | D        | Noticed a deep elf annihilator
  1785 | D        | Noticed a deep elf high priest
  1786 | D        | Noticed a deep elf blademaster
  1787 | D        | Noticed a deep elf blademaster
  1789 | D        | Killed a dire elephant
  1789 | D        | Reached skill level 21 in Invocations
  1792 | D        | Noticed a deep elf sorcerer
  1793 | D        | Found the +7 sceptre of Torment {pain, torment}
  1796 | D        | Killed a deep elf blademaster
  1796 | D        | Reached skill level 22 in Invocations
  1796 | D        | Killed a deep elf high priest
  1796 | D        | Reached XP level 14. HP: 63/110 MP: 27/29
  1797 | D        | Reached skill level 23 in Invocations
  1797 | D        | Killed a deep elf blademaster
  1805 | D        | Killed a deep elf sorcerer
  1805 | D        | Reached skill level 24 in Invocations
  1814 | D        | HP: 6/110 [deep elf archer/exploding inner flame[the player
                  | character] (7)]
  1814 | D        | Killed a deep elf annihilator
  1814 | D        | HP: 2/110 [poisoned by a deep elf annihilator (poison
                  | arrow)]
  1817 | D        | Found a transporter.
  1936 | D        | Got the Handbook of Transmutation and the Compass
  2084 | D        | Entered arena 18.
  2087 | D        | Noticed an apis
  2089 | D        | Found a transporter.
  2093 | D        | Reached skill level 25 in Invocations
  2096 | D        | HP: 7/110 [shambling mangrove (11)]
  2099 | D        | Slain by a death yak

Vault maps used:
D:        sprint_v

Skill      XL: |  1  2  3  4  5  6  7  8  9 10 11 12 13 14 |
---------------+-------------------------------------------+-----
Invocations    | 2 6 8 9 10 12 14 16 18 22 25 | 25.9
Shields        | 4 6 7 8 9 10 11 12 13 15 | 15.0
Maces & Flails | 5 7 8 9 10 12 14 17 18 20 | 20.0
Armour         | 7 8 9 10 | 10.0
Fighting       | 5 6 7 9 10 | 10.0
Dodging        | 2 4 7 9 10 | 10.1
Evocations     | 3 7 9 10 | 10.0

Action                   |  1- 3 |  4- 6 |  7- 9 | 10-12 | 13-15 || total
-------------------------+-------+-------+-------+-------+-------++-------
Melee: Great mace        |     7 |     7 |    28 |    60 |    54 ||   156
  Use: Potion            |     1 |       |       |       |     4 ||     5
 Stab: Paralysed         |       |     1 |     3 |     8 |     6 ||    18
  Eat: Fruit             |       |       |       |     1 |       ||     1
       Chunk             |       |       |       |       |     3 ||     3
Armor: Gold dragon scale |     5 |     1 |    13 |    51 |    31 ||   101
Dodge: Dodged            |       |       |     2 |    11 |     7 ||    20
Block: Shield            |     8 |    13 |    55 |   142 |   116 ||   334

Table legend:
 A = Spawn XP
 B = Non-spawn XP
 C = Spawn XP percentage of total XP
 D = Spawn monster count
 E = Non-spawn monster count
 F = Spawn count percentage of total count
 G = Total turns spent on level
                    A         B        C        D         E        F      G
               +---------+---------+-------+---------+---------+-------+---------
         Total |       0 |   59375 |   0.0 |       0 |     134 |   0.0 |  2099
               +---------+---------+-------+---------+---------+-------+---------
             D |       0 |   59375 |   0.0 |       0 |     134 |   0.0 |  2099
               +---------+---------+-------+---------+---------+-------+---------
